 Dungeon Crawl Stone Soup version 0.26-a0-79-g47e9afce7f (webtiles) character file.

Game seed: 4628684645479212793

524 vurker the Bolt Thrower (level 7, -3/55 HPs)
             Began as a Formicid Arcane Marksman on June 16, 2020.
             Was an Initiate of Okawaru.
             Slain by an ogre
             ... wielding a +0 giant club
              (4 damage)
             ... on level 4 of the Dungeon.
             The game lasted 00:05:18 (4024 turns).

vurker the Bolt Thrower (Formicid Arcane Marksman)  Turns: 4024, Time: 00:05:19

Health: -3/55      AC:  9    Str: 16    XL:     7   Next: 46%
Magic:  8/8        EV:  7    Int: 13    God:    Okawaru [......]
Gold:   208        SH:  0    Dex: 11    Spells: 7/8 levels left

rFire    . . .     SeeInvis +   a - +0 hand crossbow
rCold    . . .     Gourm    .   (no shield)
rNeg     + . .     Faith    .   k - +0 chain mail
rPois    .         Spirit   .   (helmet unavailable)
rElec    .         Reflect  .   (no cloak)
rCorr    .         Harm     .   w - +0 pair of gloves
MR       +....                  (no boots)
Stlth    ..........             (no amulet)
HPRegen  0.18/turn              h - ring of protection from magic
MPRegen  0.11/turn              t - ring of positive energy

@: no status effects
A: permanent stasis, dig shafts and tunnels, four strong arms, antennae 3
a: Dig, Shaft Self, Renounce Religion


You were on level 4 of the Dungeon.
You worshipped Okawaru.
Okawaru was noncommittal.
You were hungry.

You visited 2 branches of the dungeon, and saw 5 of its levels.

You collected 208 gold pieces.

Inventory:

Hand Weapons
 a - a +0 hand crossbow (weapon)
 b - a +1 dagger of venom
   (You found it on level 3 of the Dungeon)
Missiles
 d - 40 bolts (quivered)
Armour
 k - a +0 chain mail (worn)
   (You found it on level 2 of the Dungeon)
 w - a +0 pair of gloves (worn)
   (You found it on level 3 of the Dungeon)
Jewellery
 h - a ring of protection from magic (left hand)
   (You found it on level 1 of the Dungeon)
 t - a ring of positive energy (right hand)
   (You found it on level 1 of the Dungeon)
Wands
 z - a wand of polymorph (8)
   (You found it on level 4 of the Dungeon)
Scrolls
 c - a scroll of immolation {unknown}
 f - 4 scrolls of identify {unknown}
 g - 6 scrolls of fear {unknown}
 j - 2 scrolls of teleportation {unknown}
 l - a scroll of fog {unknown}
 q - 2 scrolls of amnesia {unknown}
 s - a scroll of enchant armour {unknown}
 y - a scroll of blinking {unknown}
Potions
 i - a potion of invisibility {unknown}
 m - 2 potions of brilliance {unknown}
 n - 2 potions of might {unknown}
 o - a potion of heal wounds {unknown}
 p - a potion of stabbing {unknown}
 r - a potion of mutation {unknown}
 v - a potion of cancellation {unknown}
 x - a potion of curing {unknown}
Comestibles
 e - 3 rations


   Skills:
 + Level 4.5 Fighting
 * Level 6.3 Crossbows
 - Level 1.7 Dodging
 - Level 1.1 Spellcasting
 - Level 3.6 Hexes
 + Level 1.0 Invocations


You had 7 spell levels left.
You knew the following spells:

 Your Spells              Type           Power        Failure   Level  Hunger
a - Corona                Hex            ##.....      80%         1    ##.....

Your spell library contained the following spells:

 Spells                   Type           Power        Failure   Level  Hunger
 Slow                     Hex            ##......     90%         2    ###....
 Inner Flame              Hex/Fire       #.......     100%        3    ####...
 Portal Projectile        Hex/Tloc       #.....       100%        3    ####...
 Cause Fear               Hex            ##........   100%        4    #####..
 Leda's Liquefaction      Hex/Erth       #.........   100%        4    #####..


Dungeon Overview and Level Annotations

Branches:
Dungeon (4/15)             Temple (1/1) D:4

Altars:
Ashenzari
Dithmenos
Elyvilon
Gozag
Hepliaklqana
Nemelex Xobeh
Okawaru
Qazlal
Sif Muna
Uskayaw
Vehumet
Xom
Yredelemnul
Zin
The Shining One


Innate Abilities, Weirdness & Mutations

You cannot be hasted, slowed, berserked, paralysed or teleported.
You can dig through walls and to a lower floor.
Your four strong arms can wield two-handed weapons with a shield.
You have a pair of large antennae on your head. (SInv)


Message History

d - 37 bolts (gained 1)
d - 38 bolts (gained 1)
d - 42 bolts (gained 4)
d - 43 bolts (gained 1)
Things that are here:
a +0 rapier; 5 stones; a +0 chain mail You see here 2 stones.
d - 44 bolts (gained 1)
d - 46 bolts (gained 2)
You see here a stone.
d - 47 bolts (gained 1)
d - 48 bolts (gained 1)
An ogre comes into view. It is wielding a +0 giant club.
The ogre shouts!
The ogre hits you with a +0 giant club!
An ogre is nearby!
Firing (i - inventory)
d - 48 bolts (quivered)
Aim: an ogre, wielding a +0 giant club You shoot a bolt.
The bolt hits the ogre.
The ogre hits you with a +0 giant club!
Firing (i - inventory)
d - 47 bolts (quivered)
Aim: an ogre, wielding a +0 giant club (lightly wounded)
You shoot a bolt. The bolt hits the ogre!
The ogre barely misses you.
Firing (i - inventory)
d - 46 bolts (quivered)
Aim: an ogre, wielding a +0 giant club (heavily wounded)
You shoot a bolt. The bolt barely misses the ogre.
Firing (i - inventory)
d - 45 bolts (quivered)
Aim: an ogre, wielding a +0 giant club (heavily wounded)
You shoot a bolt. The bolt hits the ogre.
The ogre hits you with a +0 giant club!
* * * LOW HITPOINT WARNING * * *
Firing (i - inventory)
d - 44 bolts (quivered)
Aim: an ogre, wielding a +0 giant club (heavily wounded)
You shoot a bolt.
The bolt hits the ogre but does no damage.
The ogre hits you but does no damage.
Firing (i - inventory)
d - 43 bolts (quivered)
Aim: an ogre, wielding a +0 giant club (heavily wounded)
You shoot a bolt. The bolt completely misses the ogre.
The ogre closely misses you.
Firing (i - inventory)
d - 42 bolts (quivered)
Aim: an ogre, wielding a +0 giant club (heavily wounded)
You shoot a bolt. The bolt barely misses the ogre.
The ogre hits you with a +0 giant club!!
* * * LOW HITPOINT WARNING * * *
Firing (i - inventory)
d - 41 bolts (quivered)
Aim: an ogre, wielding a +0 giant club (heavily wounded)
You shoot a bolt. The bolt hits the ogre!
The ogre hits you with a +0 giant club.
You die...

...#.##......##...##..#
#.# #....
#)[#.#...###.###.###..#
#.# #.##. ####.#...#
#..##..........# #)..[
#...##.###..######..#####
#..##
#.#.##......######..##
#..
#.#.####..#.........<# #.
#.#.# ##.#######...># #.
. #.#.# #.# #####.#..####
# #. #.#.#####.#
#.@.........## #.
###.........#
#O#.##.).##..# ##
#.....#####.#
#.#.##...##..##.# #.#####
#.# #.#.(...........# #.#
#.# #.#....>.....# #.#
##.# #.#.........## #.#
#..# #.#.##...##.#######
#.# #..#
#.#.##...##...>.... #.#
#..# #..........)#####.#


You could see an ogre.

Vanquished Creatures
  A sky beast (D:3)
  An ogre (D:2)
  A phantom (D:4)
  An orc priest (D:4)
  2 orc wizards (D:4)
  A worker ant (D:4)
  A hound skeleton (D:2)
  4 adders
  3 oozes
  5 worms
  A leopard gecko (D:3)
  4 orcs
  4 giant cockroaches
  6 goblins
  6 hobgoblins
  7 jackals
  2 quokkas
  11 bats
  3 frilled lizards
  3 kobolds
  6 rats
73 creatures vanquished.

Notes
Turn   | Place    | Note
-------+----------+-------------------------------------------
     0 | D:1      | vurker the Formicid Arcane Marksman began the quest for the
                  | Orb.
     0 | D:1      | Reached XP level 1. HP: 15/15 MP: 2/2
   437 | D:1      | Reached XP level 2. HP: 21/21 MP: 3/3
   882 | D:2      | Reached XP level 3. HP: 15/27 MP: 4/4
  1052 | D:2      | Reached skill level 3 in Crossbows
  1200 | D:2      | Noticed an ogre
  1210 | D:2      | Killed an ogre
  1210 | D:2      | Reached skill level 4 in Crossbows
  1210 | D:2      | Reached XP level 4. HP: 35/35 MP: 5/5
  1210 | D:2      | Reached XP level 5. HP: 41/41 MP: 6/6
  2180 | D:3      | Reached XP level 6. HP: 46/47 MP: 7/7
  2372 | D:3      | Noticed a sky beast
  2384 | D:3      | Killed a sky beast
  2384 | D:3      | Reached skill level 5 in Crossbows
  3099 | D:4      | Reached XP level 7. HP: 42/54 MP: 8/8
  3332 | D:4      | Reached skill level 6 in Crossbows
  3466 | D:4      | Found a staircase to the Ecumenical Temple.
  3518 | Temple   | Entered the Ecumenical Temple
  3880 | Temple   | Became a worshipper of Warmaster Okawaru
  3924 | D:4      | Reached skill level 1 in Invocations
  4023 | D:4      | HP: 1/55 [ogre/+0 giant club (19)]
  4024 | D:4      | Slain by an ogre

Illustrated notes

Levels and vault maps discovered:
D:1:      zaba_arrival_water, layout_loops_corners
D:2:      wander_river, layout_basic, serial_park_tiny_2, st_stairs_14
D:3:      minmay_inner_zag, layout_basic
D:4:      minmay_wonky_spiral, layout_loops_ring, lightli_temple_of_fire,
          minmay_temple_entry_stoned_glass
Temple:   regret_index_temple_generic_petals

Skill      XL: |  1  2  3  4  5  6  7 |
---------------+----------------------+-----
Crossbows      | 4 5 6 |  6.3
Fighting       | 3 4 |  4.5
Invocations    | 1 |  1.0
Dodging        | |  1.7
Spellcasting   | |  1.1
Hexes          | |  3.6

Action                   |  1- 3 |  4- 6 |  7- 9 || total
-------------------------+-------+-------+-------++-------
Melee: Dagger            |       |    10 |    35 ||    45
 Fire: Hand crossbow     |    69 |   145 |    39 ||   253
 Abil: Dig               |       |     1 |       ||     1
  Eat: Chunk             |     1 |     6 |     2 ||     9
Armor: Robe              |    13 |     3 |       ||    16
       Chain mail        |       |    70 |    23 ||    93
Dodge: Dodged            |    21 |    43 |    12 ||    76

Table legend:
 A = Non-vault XP
 B = Vault XP
 C = Vault XP percentage of total XP
 D = Non-vault monster count
 E = Vault monster count
 F = Vault count percentage of total count
                 A         B        C        D         E       F
            +---------+---------+-------+---------+---------+-------
      Total |     722 |      27 |   3.6 |      67 |       6 |   8.2
            +---------+---------+-------+---------+---------+-------
        D:1 |      17 |       0 |   0.0 |      11 |       0 |   0.0
        D:2 |     218 |      13 |   5.6 |      24 |       1 |   4.0
        D:3 |     203 |      12 |   5.6 |      24 |       4 |  14.3
        D:4 |     284 |       2 |   0.7 |       8 |       1 |  11.1
            +---------+---------+-------+---------+---------+-------
